 Dungeon Crawl Stone Soup version 0.30-a0-377-g5cb311bc9f (webtiles) character file.

Game seed: 15255520660623180883

908 Decritt the Trooper (level 8, -9/61 HPs)
             Began as a Djinni Air Elementalist on Nov 29, 2022.
             Killed by divine providence
             ... invoked by an orc priest
              (13 damage)
             ... on level 5 of the Dungeon.
             The game lasted 00:15:17 (5285 turns).

Decritt the Trooper (Djinni Air Elementalist)       Turns: 5285, Time: 00:15:18

Health: -9/61      AC:  3    Str:  7    XL:     8   Next: 29%
Gold:   110        EV: 16    Int: 25    God:
                   SH:  4    Dex: 14

rFire   + + .      SeeInvis .    l - +3 whip (venom)
rCold   x . .      Faith    .    i - +0 buckler
rNeg    . . .      Spirit   .    a - +0 robe
rPois   ∞          Reflect  .    (no helmet)
rElec   .          Harm     .    (no cloak)
rCorr   .          Rampage  .    d - +0 pair of gloves
Will    .....                    (boots unavailable)
Stlth   ++........               (no amulet)
HPRegen 0.30/turn                g - +6 ring of intelligence
MPRegen 0.00/turn                s - +4 ring of evasion

@: swift, flying, quick
A: sickness immunity, fire resistance 2, cold vulnerability 1, float, innate
caster, HP casting, extra vitality 1
a: no special abilities


You were on level 5 of the Dungeon.
You visited 1 branch of the dungeon, and saw 5 of its levels.

You collected 190 gold pieces.
You spent 80 gold pieces at shops.

Inventory:

Hand Weapons
 l - a +3 whip of venom (weapon)
Armour
 a - a +0 robe (worn)
 d - a +0 pair of gloves (worn)
 i - a +0 buckler (worn)
Magical Staves
 t - a staff of death
Jewellery
 g - a +6 ring of intelligence (left hand)
 s - a +4 ring of evasion (right hand)
Scrolls
 c - 2 scrolls of teleportation
 j - 2 scrolls of poison
 n - a scroll of enchant armour {unknown}
 o - a scroll of silence {unknown}
 p - a scroll of noise {unknown}
 q - a scroll of amnesia {unknown}
 r - a scroll of identify
Potions
 b - a potion of lignification
 e - 2 potions of ambrosia
 f - a potion of might {unknown}
 h - 8 potions of curing
 k - a potion of brilliance {unknown}
 m - a potion of mutation


   Skills:
 * Level 5.9 Fighting
 - Level 2.1 Dodging
 - Level 1.5 Stealth
 + Level 1.9 Shields
 * Level 5.2 Spellcasting


You had 2 spell levels left.
You knew the following spells:

 Your Spells              Type           Power      Damage    Failure   Level
a - Sandblast             Erth           66%        2d15      1%          1
b - Airstrike             Air            16%        2d(3-19)  12%         4
c - Searing Ray           Conj           66%        2d6       1%          2
d - Static Discharge      Conj/Air       66%        2-5/arc   1%          2
e - Blink                 Tloc           66%        N/A       1%          2
f - Shock                 Conj/Air       100%       1d9       1%          1
s - Swiftness             Air            33%        N/A       3%          3
Your spell library was empty.

Dungeon Overview and Level Annotations

Branches:
Dungeon (5/15)
 Temple: D:4-7

Altars:
Dithmenos
Nemelex Xobeh

Shops:
D:1 !


Innate Abilities, Weirdness & Mutations

You are immune to sickness and miasma.
You are immune to poison.
Your flesh is very heat resistant. (rF++)
You are vulnerable to cold. (rC-)
You float through the air rather than walking.
You learn spells naturally, not from books.
Your magical power is your life essence.
You have superior vitality. (+4 MHP)


Message History

Confirm with . or Enter, or press ? or * to list all spells.
Aiming: Searing Ray (safe; 1% risk of failure)
Press: ? - help, Shift-Dir - straight line, f - orc warrior
Aim: an orc warrior, wielding a +0 mace and wearing a +0 plate armour (81% to hit)
The searing ray hits the orc warrior.
The orc warrior is lightly wounded. (Press . to maintain the ray.)
The orc priest calls down the wrath of Beogh upon you.
Beogh smites you!
* * * LOW HITPOINT WARNING * * *
The searing ray hits the orc warrior!
The orc warrior is heavily wounded.
* * * LOW HITPOINT WARNING * * *
The orc warrior misses you.
The searing ray hits the orc warrior but does no damage.
The orc warrior is heavily wounded.
* * * LOW HITPOINT WARNING * * *
The orc warrior attacks as you move away!
You block the orc warrior's attack.
You closely miss the orc warrior.
The orc warrior is heavily wounded.
The orc warrior hits you with a +0 mace.
* * * LOW HITPOINT WARNING * * *
Your magical contamination has completely faded away.
You hit the orc warrior but do no damage.
The orc warrior is poisoned.
The orc warrior is moderately wounded.
The orc warrior misses you.
The orc priest invokes the aid of Beogh against you.
Beogh smites you!
* * * LOW HITPOINT WARNING * * *
Casting: Searing Ray (safe; 1% risk of failure)
Confirm with . or Enter, or press ? or * to list all spells.
You feel quick.
* * * LOW HITPOINT WARNING * * *
The orc warrior hits you with a +0 mace.
* * * LOW HITPOINT WARNING * * *
The orc priest invokes the aid of Beogh against you.
Beogh smites you!
You die...

.[)..##.# ##.##
####.##.#####.# .#
#.[........# .#
#.)#.####### .#
#..#.# :# #..#.#
o# #..#.# .#
#....###########o#
##.#.....)...@o{o#
#[#.#############
#.#.# #.#.# #.#.#
#.#.# #.#.# #.#


You could see an orc warrior (very poisoned), an orc priest and an orc.

Vanquished Creatures
  Sigmund (D:3)
  An orc warrior (D:4)
  2 ogres
  A scorpion (D:5)
  2 jellies
  An orc priest (D:4)
  An orc wizard (D:5)
  2 iguanas (D:5)
  Natasha (thrice) (D:3)
  4 adders
  2 worms
  14 dart slugs
  14 orcs
  10 endoplasms
  4 giant cockroaches
  6 goblins
  6 hobgoblins
  4 quokkas
  9 ball pythons
  4 bats
  3 frilled lizards (D:1)
  11 kobolds
  4 rats
109 creatures vanquished.

Notes
Turn   | Place    | Note
-------+----------+-------------------------------------------
     0 | D:1      | Decritt the Djinni Air Elementalist began the quest for the
                  | Orb.
     0 | D:1      | Decritt set off with the following spells memorised: Shock,
                  | Static Discharge, Swiftness, Airstrike.
     0 | D:1      | Reached XP level 1. HP: 15/15 MP: 0/0
   106 | D:1      | Reached XP level 2. HP: 17/22 MP: 0/0
   113 | D:1      | Reached skill level 1 in Fighting
   414 | D:1      | Found Ynicw's Distillery.
   545 | D:1      | Reached XP level 3. HP: 23/27 MP: 0/0
   545 | D:1      | Learned a level 1 spell: Sandblast
  1195 | D:2      | Reached XP level 4. HP: 31/33 MP: 0/0
  1630 | D:3      | Noticed Natasha
  1800 | D:3      | Found a shadowy altar of Dithmenos.
  1802 | D:3      | Found a sparkling altar of Nemelex Xobeh.
  1984 | D:3      | Killed Natasha
  1985 | D:3      | Reached XP level 5. HP: 31/40 MP: 0/0
  1985 | D:3      | Learned a level 2 spell: Blink
  2083 | D:3      | Noticed Sigmund
  2092 | D:3      | Killed Sigmund
  2093 | D:3      | Reached XP level 6. HP: 43/47 MP: 0/0
  2803 | D:3      | Noticed Natasha
  2807 | D:3      | Killed Natasha
  2914 | D:1      | Bought a potion of heal wounds for 50 gold pieces
  2914 | D:1      | Bought a potion of curing for 30 gold pieces
  3001 | D:3      | Noticed Natasha
  3004 | D:3      | Killed Natasha
  3254 | D:4      | Reached XP level 7. HP: 53/53 MP: 0/0
  3254 | D:4      | Learned a level 2 spell: Searing Ray
  3838 | D:5      | Entered Level 5 of the Dungeon
  3903 | D:5      | Reached skill level 5 in Fighting
  4074 | D:5      | HP: 1/54 [orc priest/divine providence (12)]
  4642 | D:4      | Reached skill level 1 in Shields
  4904 | D:5      | Reached skill level 5 in Spellcasting
  4904 | D:5      | Reached XP level 8. HP: 57/60 MP: 0/0
  5285 | D:5      | Killed from afar by an orc priest

Illustrated notes

Levels and vault maps discovered:
D:1:      dpeg_arrival_signposts, layout_loops_ring, serial_shops,
          nicolae_shop_trees, serial_park_tiny_1, minmay_tromino_v4_b
D:2:      layout_basic
D:3:      kennysheep_slugbush, layout_basic, nicolae_overflow_squiral,
          serial_glass, glass_columns_b, glass_columns_a,
          nicolae_figureground_pulse, uniq_natasha, uniq_sigmund
D:4:      layout_basic, nicolae_kikubaaqudgha_miasma_corner
D:5:      layout_loops_ring

Skill      XL: |  1  2  3  4  5  6  7 |
---------------+----------------------+-----
Fighting       | 1 2 4 5 |  5.9
Spellcasting   | 3 4 5 |  5.2
Shields        | 1 |  1.9
Dodging        | |  2.1
Stealth        | |  1.5

Action                   |  1- 3 |  4- 6 |  7- 9 || total
-------------------------+-------+-------+-------++-------
Melee: Unarmed           |     1 |     1 |       ||     2
       Trident           |       |     2 |     2 ||     4
       Whip              |       |       |    15 ||    15
 Cast: Shock             |    59 |    96 |    36 ||   191
       Sandblast         |       |     9 |    28 ||    37
       Searing Ray       |       |       |     5 ||     5
       Swiftness         |       |       |     2 ||     2
       Static Discharge  |       |       |     1 ||     1
  Use: Scroll            |       |     7 |     1 ||     8
       Potion            |       |       |     1 ||     1
 Stab: Sleeping          |       |     2 |     1 ||     3
Armor: Robe              |       |     2 |     2 ||     4
Dodge: Dodged            |    10 |     6 |    24 ||    40
Block: Buckler           |       |       |     6 ||     6

Table legend: (Time is in decaauts)
 A = Elapsed time spent in this place.
 B = Non-inter-level travel time spent in this place.
 C = Inter-level travel time spent in this place.
 D = Time resting spent in this place.
 E = Time spent auto-exploring this place.
 F = Levels seen in this place.
 G = Mean time per level.
                   A        B        C        D        E       F      G
               +--------+--------+--------+--------+--------+-----+--------+
         Total |   5305 |   5025 |    280 |   1041 |   3384 |   5 | 1061.0 |
       Dungeon |   5305 |   5025 |    280 |   1041 |   3384 |   5 | 1061.0 |
               +--------+--------+--------+--------+--------+-----+--------+

Top non-repeatable levels by time:
     D:4: 1481 daAuts
     D:3: 1197 daAuts
     D:2: 961 daAuts
     D:1: 956 daAuts
     D:5: 709 daAuts
